 Dungeon Crawl Stone Soup version 0.18.1-48-g4cf74bf (webtiles) character file.

1887 RickumRackum the Spear-Bearer (level 9, 0/72 HPs)
             Began as a Merfolk Gladiator on Aug 29, 2016.
             Was a Priest of Makhleb.
             Slain by RickumRackum's ghost (10 damage)
             ... on level 7 of the Dungeon.
             The game lasted 00:44:08 (7321 turns).

RickumRackum the Spear-Bearer (Merfolk Gladiator)   Turns: 7321, Time: 00:44:09

Health: 0/72       AC:  7    Str: 23    XL:     9   Next: 14%
Magic:  0/11       EV: 21    Int:  9    God:    Makhleb [***...]
Gold:   289        SH:  0    Dex: 22    Spells: 0 memorised, 8 levels left

rFire  x . .     SeeInvis .     F - +6 spear "Hell-Harrower" {pierce, rF- Str+7 Int+2}
rCold  + . .     Gourm    .     t - +0 robe {rC+}
rNeg   . . .     Faith    .     (no shield)
rPois  +         Spirit   +     j - +2 hat
rElec  .         Dismiss  .     h - +0 cloak
rCorr  .         Reflect  .     k - +0 pair of gloves
SustAt .         Harm     .     o - +0 pair of boots
MR     +....                    e - amulet of guardian spirit
Stlth  +++.......               C - ring of protection from magic
                                r - ring of poison resistance

@: agile, somewhat resistant to hostile enchantments, fairly stealthy
A: change form in water, swift swim
a: Minor Destruction, Lesser Servant of Makhleb, Renounce Religion


You were on level 7 of the Dungeon.
You worshipped Makhleb.
Makhleb was most pleased with you.
You were very hungry.

You visited 2 branches of the dungeon, and saw 8 of its levels.
You also visited: Sewer.

You collected 289 gold pieces.

Inventory:

Hand Weapons
 a - a +0 trident
 y - a +0 blowgun
 F - the +6 spear "Hell-Harrower" (weapon) {pierce, rF- Str+7 Int+2}
   (You found it on level 6 of the Dungeon)

   It inflicts extra damage upon your enemies.
   It affects your strength (+7).
   It affects your intelligence (+2).
   It makes you vulnerable to fire.
Missiles
 d - 3 throwing nets (quivered)
 z - 14 poisoned needles
Armour
 h - a +0 cloak (worn)
 j - a +2 hat (worn)
 k - a +0 pair of gloves (worn)
 o - a +0 pair of boots (worn)
 q - a +1 leather armour of poison resistance
 t - a +0 robe of cold resistance (worn)
 E - a +0 shield
Jewellery
 e - an amulet of guardian spirit (around neck)
 i - an uncursed ring of see invisible
 l - an uncursed ring of poison resistance
 n - an uncursed ring of flight
 r - a ring of poison resistance (left hand)
 x - a +4 ring of dexterity
 C - a ring of protection from magic (right hand)
Wands
 w - a wand of iceblast (9/15)
 K - a wand of hasting (3/9)
Scrolls
 b - a scroll of identify
 c - a scroll of fear
 p - 3 scrolls of remove curse
 G - a scroll of teleportation {unknown}
 J - a scroll of magic mapping
 L - 2 scrolls of immolation
Potions
 u - 3 potions of flight
 A - 2 potions of curing
 B - a potion of agility
 D - a potion of lignification {unknown}
 H - a potion of might
 I - a potion of cure mutation {unknown}
Comestibles
 f - 6 bread rations
 g - 6 fruits
 m - 2 beef jerkies
 s - 3 slices of pizza
 v - 3 meat rations


   Skills:
 + Level 7.1 Fighting
 + Level 12.3 Polearms
 - Level 2.0 Throwing
 + Level 4.6 Dodging
 * Level 2.7 Shields
 + Level 3.5 Invocations


You had 8 spell levels left.
You didn't know any spells.

Dungeon Overview and Level Annotations

Branches:
Dungeon (7/15)             Temple (1/1) D:4

Altars:
Ashenzari
Cheibriados
Dithmenos
Elyvilon
Fedhas
Gozag
Kikubaaqudgha
Makhleb
Nemelex Xobeh
Okawaru
Pakellas
Qazlal
Ru
Sif Muna
Trog
Vehumet
Xom
Yredelemnul
Zin
The Shining One

Annotations:
D:7 RickumRackum's ghost, novice MfGl


Message History

You miss the hound.
The hound is almost dead.
The hound bites you.
You puncture the hound!
You kill the hound!
Makhleb accepts your kill.
You can now summon a lesser servant of Makhleb.
You feel better. RickumRackum's ghost hits you.
You puncture RickumRackum's ghost!
RickumRackum's ghost is lightly damaged.
You hit RickumRackum's ghost.
RickumRackum's ghost is moderately damaged.
RickumRackum's ghost hits you!
* * * LOW HITPOINT WARNING * * *
You writhe in agony.
* * * LOW HITPOINT WARNING * * *
Drink which item? (? for menu, Esc to quit)
You feel agile all of a sudden. RickumRackum's ghost hits you!
You die...

.....##.##..#.
###.....##..#.
#.....##......
#.#.#.....#.#.
#######.#......(....
#.....#.#...........
#...............#..#
#...W..............#
#..@†.†............#
#########.............##
#.....................#
#..................##'##
#.................##⌠.⌠#
#....P.P..........##...#
#....._......######._._.
#....P.P.....# ###8##
#............# ###


You could see RickumRackum's ghost.

Vanquished Creatures
  Edmund (D:4)
  An ice beast (D:7)
  A phantom (D:7)
  2 ogres
  A centaur (D:5)
  A big kobold (Sewer)
  6 giant frogs
  A scorpion (D:5)
  A crimson imp (D:3)
  2 hounds
  3 orc wizards
  2 orc priests
  A jelly (D:5)
  An iguana (D:4)
  2 worker ants
  A statue (D:6)
  16 gnolls
  5 river rats
  12 adders
  A shadow imp (D:7)
  An ooze (D:7)
  An adder skeleton (D:5)
  9 worms
  3 dart slugs
  7 giant geckos
  14 orcs
  A ball python (D:4)
  4 giant cockroaches
  4 goblins
  7 hobgoblins
  8 jackals
  8 kobolds
  5 quokkas
  5 bats
  A giant gecko skeleton (D:4)
  8 giant newts
  11 rats
158 creatures vanquished.

Notes
Turn   | Place    | Note
--------------------------------------------------------------
     0 | D:1      | RickumRackum the Merfolk Gladiator began the quest for the Orb.
     0 | D:1      | Reached XP level 1. HP: 16/16 MP: 1/1
   278 | D:1      | Reached XP level 2. HP: 17/23 MP: 2/2
   872 | D:2      | Reached skill level 5 in Polearms
   935 | D:2      | Reached XP level 3. HP: 24/29 MP: 3/3
  1344 | D:2      | Reached XP level 4. HP: 36/37 MP: 4/4
  1385 | D:2      | Found a sacrificial altar of Ru.
  1893 | D:3      | Reached skill level 6 in Polearms
  2203 | D:3      | Reached XP level 5. HP: 42/42 MP: 5/5
  2400 | D:3      | Found a snail-covered altar of Cheibriados.
  2436 | D:3      | Reached skill level 7 in Polearms
  2863 | D:4      | Reached XP level 6. HP: 36/49 MP: 3/6
  2868 | D:4      | Reached skill level 8 in Polearms
  3331 | D:4      | Found a staircase to the Ecumenical Temple.
  3337 | Temple   | Entered the Ecumenical Temple
  3389 | Temple   | Became a worshipper of Makhleb the Destroyer
  3557 | D:4      | Noticed Edmund
  3594 | D:4      | Killed Edmund
  3594 | D:4      | Reached skill level 5 in Fighting
  3594 | D:4      | Reached skill level 9 in Polearms
  3594 | D:4      | Reached XP level 7. HP: 16/56 MP: 2/7
  4182 | D:4      | Found a shattered altar of Ashenzari.
  4328 | D:5      | Entered Level 5 of the Dungeon
  4328 | D:5      | Found a shimmering altar of Xom.
  4334 | D:5      | Reached skill level 10 in Polearms
  4359 | D:5      | Reached skill level 1 in Invocations
  4655 | D:5      | Reached * piety under Makhleb
  4677 | D:5      | Found a glowing drain.
  4685 | Sewer    | Entered a sewer
  4823 | Sewer    | Reached XP level 8. HP: 64/64 MP: 9/9
  4858 | Sewer    | Found a white marble altar of Elyvilon.
  5286 | D:5      | Reached skill level 11 in Polearms
  5987 | D:6      | Found a radiant altar of Vehumet.
  6158 | D:6      | Reached ** piety under Makhleb
  6306 | D:6      | Reached skill level 12 in Polearms
  6306 | D:6      | Reached skill level 1 in Shields
  6556 | D:6      | Got a smoking spear
  6613 | D:6      | Identified the +6 spear "Hell-Harrower" {pierce, rF- Str+7 Int+2} (You found it on level 6 of the Dungeon)
  6958 | D:7      | Found an iron altar of Okawaru.
  6963 | D:7      | Reached XP level 9. HP: 72/72 MP: 11/11
  6976 | D:7      | Found a white marble altar of Elyvilon.
  7025 | D:7      | Found a basalt altar of Yredelemnul.
  7077 | D:7      | Found a glowing silver altar of Zin.
  7078 | D:7      | Found an oddly glowing altar of Pakellas.
  7301 | D:7      | Noticed RickumRackum's ghost (novice MfGl)
  7318 | D:7      | Reached *** piety under Makhleb
  7321 | D:7      | Slain by RickumRackum's ghost

Skill      XL: |  1  2  3  4  5  6  7  8  9 |
---------------+----------------------------+-----
Polearms       | 5 6 7 9 10 12 | 12.3
Fighting       | 3 4 5 7 |  7.1
Invocations    | 2 3 |  3.5
Shields        | 1 2 |  2.7
Throwing       | |  2.0
Dodging        | |  4.6

Action                   |  1- 3 |  4- 6 |  7- 9 || total
-------------------------+-------+-------+-------++-------
Melee: Trident           |   118 |   288 |   336 ||   742
       Tailslap          |       |       |     9 ||     9
       Spear             |       |       |    56 ||    56
Throw: Throwing net      |     1 |       |       ||     1
Invok: Minor Destruction |       |       |     1 ||     1
 Abil: Evoke Flight      |       |     1 |       ||     1
  Use: Potion            |     1 |     2 |     5 ||     8
       Scroll            |     3 |     2 |     6 ||    11
 Stab: Sleeping          |     2 |     3 |     8 ||    13
       Held in net/web   |     1 |       |       ||     1
  Eat: Chunk             |     1 |     8 |    11 ||    20
Armor: Leather armour    |    35 |    49 |       ||    84
       Robe              |       |     5 |    58 ||    63
Dodge: Dodged            |    71 |   139 |   209 ||   419
